 Dungeon Crawl Stone Soup version 0.30-a0-760-g5a9884bb7c (webtiles) character file.

Game seed: 8851304920667367096

681 Dirtsage the Carver (level 7, -3/50 HPs)
             Began as a Merfolk Gladiator on Feb 10, 2023.
             Slain by a water moccasin (5 damage)
             ... on level 5 of the Dungeon.
             The game lasted 00:06:37 (3650 turns).

Dirtsage the Carver (Merfolk Gladiator)             Turns: 3650, Time: 00:06:37

Health: -3/50      AC:  8    Str: 14    XL:     7   Next: 61%
Magic:  7/7        EV:  9    Int:  8    God:
Gold:   172        SH:  0    Dex: 17    Spells: 6/6 levels left

rFire   + + .      SeeInvis .    a - +0 long sword
rCold   x . .      Faith    .    q - orb {light}
rNeg    . . .      Spirit   .    z - +1 ring mail {rF+}
rPois   .          Reflect  .    c - +0 helmet
rElec   .          Harm     .    (no cloak)
rCorr   .          Rampage  .    (no gloves)
Will    .....                    (no boots)
Stlth   +                        y - amulet of regeneration
HPRegen 1.08/turn                (no ring)
MPRegen 0.10/turn                (no ring)

@: lethally poisoned (-3 -> -24), hasted, glowing, constricted, very quick
A: (nimble swimmer 2), mertail, fire resistance 1, screaming 1, shaggy fur 1,
cold vulnerability 1
a: no special abilities


You were on level 5 of the Dungeon.
You visited 1 branch of the dungeon, and saw 5 of its levels.

You collected 172 gold pieces.

Inventory:

Hand Weapons
 a - a +0 long sword (weapon)
Missiles
 d - 3 throwing nets (quivered)
 e - 8 javelins
Armour
 c - a +0 helmet (worn)
 q - an orb of light (worn)
 s - a +0 ring mail
 z - a +1 ring mail of fire resistance (worn)
Jewellery
 i - a ring of fire
 y - an amulet of regeneration (around neck)
Wands
 o - a wand of paralysis (8)
Scrolls
 m - 5 scrolls of identify {unknown}
 n - 2 scrolls of teleportation {unknown}
 r - a scroll of vulnerability {unknown}
 t - 4 scrolls of noise {unknown}
 u - a scroll of acquirement {unknown}
 w - a scroll of silence {unknown}
Potions
 b - a potion of flight {unknown}
 f - a potion of attraction {unknown}
 g - a potion of mutation
 h - 2 potions of haste
 j - 2 potions of ambrosia {unknown}
 k - a potion of brilliance {unknown}
 l - 2 potions of heal wounds
 p - a potion of lignification {unknown}
 v - a potion of might {unknown}
 x - a potion of curing {unknown}


   Skills:
 - Level 2.1 Fighting
 + Level 10.3 Long Blades
 - Level 2.0 Throwing
 - Level 4.0 Dodging


You had 6 spell levels left.
You didn't know any spells.
Your spell library contained the following spells:

 Spells                   Type           Power      Damage    Failure   Level
 Blink                    Tloc           0%         N/A       80%         2
 Lesser Beckoning         Tloc           0%         N/A       80%         2
 Momentum Strike          Conj/Tloc      0%         3d8       80%         2
 Call Canine Familiar     Summ           0%         N/A       95%         3
 Portal Projectile        Hex/Tloc       0%         N/A       95%         3
 Leda's Liquefaction      Hex/Erth       0%         N/A       100%        4


Dungeon Overview and Level Annotations

Branches:
Dungeon (5/15)
 Temple: D:4-7

Altars:
Ashenzari
Qazlal
Uskayaw

Shops:
D:5 *

Annotations:
D:4 2 transporters, Crownlay's ghost, amateur HOFE


Innate Abilities, Weirdness & Mutations

((You are very nimble when in or above water. (Stealth+, EV+, Speed+++)))
Your lower body shifts to a powerful aquatic tail in water.
Your flesh is heat resistant. (rF+)
You occasionally shout uncontrollably at your foes.
You are covered in fur. (AC +1)
You are vulnerable to cold. (rC-)


Message History

The water moccasin poisons you! The water moccasin barely misses you.
The ball python closely misses you. The ball python constricts you.
The water moccasin bites you. The water moccasin misses you.
You take 9 damage, and have 18/50 hp.
It was a potion of heal wounds.
You feel much better.
l - 2 potions of heal wounds;
j - 2 fizzy ruby potions You feel extremely sick.
The ball python bites you but does no damage.
The ball python constricts you.
The water moccasin bites you but does no damage.
The water moccasin bites you.
You are more poisoned.
The water moccasin poisons you! The ball python bites you.
The ball python constricts you.
You regained 13 hp, and now have 31/50 hp.
You slash the water moccasin!
You kill the water moccasin!
You feel extremely sick. The water moccasin bites you.
You are lethally poisoned!
The water moccasin poisons you!
The ball python bites you but does no damage.
The ball python constricts you. The water moccasin closely misses you.
Your Long Blades skill increases to level 10!
You take 11 damage, and have 20/50 hp.
MASSIVE DAMAGE!!
It was a potion of haste.
You feel yourself speed up.
h - 2 potions of haste;
m - 5 scrolls labelled NYEMNA VOME
* * * LOW HITPOINT WARNING * * *
You feel extremely sick. The ball python closely misses you.
The ball python constricts you. The water moccasin bites you.
* * * LOW HITPOINT WARNING * * *
You take 13 damage, and have 7/50 hp.
MASSIVE DAMAGE!!
It was a potion of mutation.
You feel extremely strange. Fur sprouts all over your body.
You feel the urge to shout.
You feel vulnerable to cold.
You feel resistant to heat.
* * * LOW HITPOINT WARNING * * *
You feel very sick. The water moccasin bites you.
You die...

#.............
....#######....###
#.........#....###
#.........#.......
+.........#.......
#.........#.......
#######.........#...##.#
=...............#...##.#
......†@S.......#.......
.....##S##......#.......
... #...#......#.......
. #.∩.#......########
#...#..............
##+##..............
#...............
#...............
#...............


You could see a water moccasin and a ball python.

Vanquished Creatures
  A water moccasin (D:5)
  A black bear (D:5)
  An ogre (D:4)
  A phantom (D:4)
  A scorpion (D:4)
  A necrophage (D:4)
  An orc priest (D:4)
  An iguana (D:4)
  A gnoll (D:1)
  6 adders
  3 worms
  A dart slug (D:2)
  5 orcs
  6 endoplasms
  4 giant cockroaches
  6 goblins
  8 hobgoblins
  8 jackals
  13 kobolds
  3 quokkas
  4 ball pythons
  7 bats
  3 frilled lizards
  4 rats
90 creatures vanquished.

Notes
Turn   | Place    | Note
-------+----------+-------------------------------------------
     0 | D:1      | Dirtsage the Merfolk Gladiator began the quest for the Orb.
     0 | D:1      | Reached XP level 1. HP: 16/16 MP: 1/1
    65 | D:1      | Reached skill level 4 in Long Blades
   152 | D:1      | Reached XP level 2. HP: 15/22 MP: 2/2
   375 | D:1      | Found a faded altar of an unknown god.
   375 | D:1      | Noticed a crimson imp
   440 | D:1      | Reached skill level 5 in Long Blades
   440 | D:1      | Reached XP level 3. HP: 27/27 MP: 3/3
   974 | D:2      | Reached XP level 4. HP: 28/33 MP: 4/4
  1077 | D:2      | Reached skill level 6 in Long Blades
  2097 | D:3      | Reached XP level 5. HP: 38/38 MP: 5/5
  2607 | D:4      | Noticed a phantom
  2607 | D:4      | Found a stormy altar of Qazlal.
  2617 | D:4      | Killed a phantom
  2618 | D:4      | Reached skill level 7 in Long Blades
  2783 | D:4      | Reached skill level 8 in Long Blades
  2783 | D:4      | Reached XP level 6. HP: 23/43 MP: 6/6
  2895 | D:4      | Found a transporter.
  2993 | D:4      | Noticed Crownlay's ghost (amateur HOFE)
  3007 | D:4      | Found a transporter.
  3146 | D:4      | Reached skill level 9 in Long Blades
  3181 | D:4      | Reached XP level 7. HP: 20/50 MP: 7/7
  3269 | D:4      | Found a hide-covered altar of Uskayaw.
  3270 | D:4      | Found a broken altar of Ashenzari.
  3497 | D:5      | Entered Level 5 of the Dungeon
  3638 | D:5      | Found Syhoum's Serpentskin Sales.
  3649 | D:5      | Reached skill level 10 in Long Blades
  3650 | D:5      | Gained mutation: You are covered in fur. (AC +1) [potion of
                  | mutation]
  3650 | D:5      | Gained mutation: You occasionally shout uncontrollably at
                  | your foes. [potion of mutation]
  3650 | D:5      | Gained mutation: You are vulnerable to cold. (rC-) [potion
                  | of mutation]
  3650 | D:5      | Gained mutation: Your flesh is heat resistant. (rF+)
                  | [potion of mutation]
  3650 | D:5      | HP: 2/50 [poisoned by a water moccasin]
  3650 | D:5      | Slain by a water moccasin

Illustrated notes

Levels and vault maps discovered:
D:1:      lemuel_arrival_rhombus, layout_loops_ring,
          dreamdust_ecumenical_altar_sealed_demon
D:2:      layout_loops_ring, wander_ebering_terrifying_dragon_lair
D:3:      minmay_inner_zag, layout_basic, minivault_4
D:4:      layout_basic, nicolae_overflow_hidden_temple,
          gammafunk_ghost_stat_death, hangedman_decor_growths,
          kennysheep_minor_cross, st_stairs_8
D:5:      layout_gridville, st_stairs_6, guppyfry_shop_venom

Skill      XL: |  1  2  3  4  5  6  7 |
---------------+----------------------+-----
Long Blades    | 4 5 6 8 9 10 | 10.3
Fighting       | |  2.1
Throwing       | |  2.0
Dodging        | |  4.0

Action                     |  1- 3 |  4- 6 |  7- 9 || total
---------------------------+-------+-------+-------++-------
  Melee: Long sword        |   108 |   152 |    24 ||   284
         Punch             |     1 |       |       ||     1
    Use: Potion            |       |       |     3 ||     3
 Armour: Leather armour    |    40 |     8 |       ||    48
         Ring mail         |       |    32 |    12 ||    44
  Dodge: Dodged            |   107 |    85 |    22 ||   214

Table legend: (Time is in decaauts)
 A = Elapsed time spent in this place.
 B = Non-inter-level travel time spent in this place.
 C = Inter-level travel time spent in this place.
 D = Time resting spent in this place.
 E = Time spent auto-exploring this place.
 F = Levels seen in this place.
 G = Mean time per level.
                   A        B        C        D        E       F      G
               +--------+--------+--------+--------+--------+-----+--------+
         Total |   3667 |   3535 |    132 |      0 |   2855 |   5 |  733.4 |
       Dungeon |   3667 |   3535 |    132 |      0 |   2855 |   5 |  733.4 |
               +--------+--------+--------+--------+--------+-----+--------+

Top non-repeatable levels by time:
     D:2: 1005 daAuts
     D:4: 889 daAuts
     D:1: 865 daAuts
     D:3: 756 daAuts
     D:5: 151 daAuts
